A+ EAST
FREDERICK KEYS @ GREENVILLE DRIVE
08/03/2041
 
TOP OF THE 1ST
Frederick Keys batting - Pitching for Greenville Drive : RHP Don Montgomery
Pitching: RHP Don Montgomery
Batting: SHB Greg Foster 0-0: Called Strike
0-1: Ball
1-1: Called Strike
1-2: Strikes out looking
Batting: RHB Luis Medellín 0-0: Ball
1-0: Called Strike
1-1: Ball
2-1: Ball
3-1: DOUBLE (Line Drive, 89D, EV 109.4 MPH)
Batting: RHB Ian Harris 0-0: Foul Ball, location: 2F
0-1: Ball
1-1: Ball
2-1: Ball
3-1: Base on Balls
Batting: RHB Dave Sanderson 0-0: Ball
1-0: DOUBLE (Line Drive, 9LD, EV 103.8 MPH)
Luis Medellín scores
Ian Harris to third
Batting: RHB Jonathan Aguilar 0-0: Called Strike
0-1: Ball
1-1: Swinging Strike
1-2: Ball
2-2: Foul Ball, location: 3F
2-2: Foul Ball, location: 9LSF
2-2: Strikes out swinging
Batting: LHB Kevin Parker 0-0: Called Strike
0-1: Fly out, F6 (Popup, P, EV 91.3 MPH)
Top of the 1st over - 1 run, 2 hits, 0 errors, 2 left on base; Frederick 1 - Greenville 0
BOTTOM OF THE 1ST
Greenville Drive batting - Pitching for Frederick Keys : RHP Juan Vázquez
Pitching: RHP Juan Vázquez
Batting: RHB Juan Ríos 0-0: Swinging Strike
0-1: Swinging Strike
0-2: Foul Ball, location: 2F
0-2: Ball
1-2: Foul Ball, location: 2F
1-2: Ground out 6-3 (Groundball, 6, EV 81.3 MPH)
Batting: RHB Donnie Perry 0-0: Ball
1-0: Bunt for hit to 2R - play at first, batter OUT! 2-3
Batting: LHB Bobby Dotson 0-0: Ball
1-0: SINGLE (Groundball, 34, EV 108.1 MPH)
Batting: SHB Zach Simpson 0-0: Swinging Strike
0-1: Ball
1-1: Foul Ball, location: 3F
1-2: Ball
2-2: Foul Ball, location: 3SF
2-2: TRIPLE (Line Drive, 9LD, EV 98.1 MPH)
Bobby Dotson scores
Batting: LHB Manny Lara 0-0: Called Strike
0-1: Ball
1-1: Ball
2-1: Swinging Strike
2-2: Foul Ball, location: 2F
2-2: Strikes out swinging
Bottom of the 1st over - 1 run, 2 hits, 0 errors, 1 left on base; Frederick 1 - Greenville 1
TOP OF THE 2ND
Frederick Keys batting - Pitching for Greenville Drive : RHP Don Montgomery
Batting: RHB Tommy Riddle 0-0: Foul Ball, location: 3FF
0-1: Foul Ball, location: 2F
0-2: Ball
1-2: Strikes out swinging
Batting: LHB A.R. Higgins 0-0: Ball
1-0: Ground out U3 (Groundball, 3L, EV 103.1 MPH)
Batting: RHB Dave Hayes 0-0: SINGLE (Groundball, 4MD, EV 105.6 MPH)
Batting: SHB Greg Foster 0-0: Ball
1-0: Called Strike
1-1: Ball
2-1: Foul Ball, location: 25F
2-2: Ball
3-2: Foul Ball, location: 2F
3-2: Ground out 4-3 (Groundball, 34, EV 80.0 MPH)
Top of the 2nd over - 0 runs, 1 hit, 0 errors, 1 left on base; Frederick 1 - Greenville 1
BOTTOM OF THE 2ND
Greenville Drive batting - Pitching for Frederick Keys : RHP Juan Vázquez
Batting: RHB Esteve Breyner 0-0: Ball
1-0: Ball
2-0: SINGLE (Groundball, 6MD, EV 101.3 MPH)
Batting: SHB Sean O'Herlihy 0-0: Bunted foul
0-1: Sac Bunt to 15 - play at first, batter OUT! 1-3
Esteve Breyner to second
Batting: RHB Monty Herring 0-0: Ball
1-0: Foul Ball, location: 2F
1-1: Called Strike
1-2: Ball
2-2: Foul Ball, location: 2F
2-2: DOUBLE (Groundball, 3L, EV 101.3 MPH)
Esteve Breyner scores
Batting: RHB Jeff Payne 0-0: Called Strike
0-1: Foul Ball, location: 2F
0-2: Strikes out swinging
Batting: RHB Juan Ríos 0-0: Called Strike
0-1: Ball
1-1: Ball
2-1: Ball
3-1: Called Strike
3-2: Ground out 5-3 (Groundball, 56S, EV 80.0 MPH)
Bottom of the 2nd over - 1 run, 2 hits, 0 errors, 1 left on base; Frederick 1 - Greenville 2
TOP OF THE 3RD
Frederick Keys batting - Pitching for Greenville Drive : RHP Don Montgomery
Batting: RHB Luis Medellín 0-0: Called Strike
0-1: Ball
1-1: Fly out, F8 (Line Drive, 8RD, EV 105.6 MPH)
Batting: RHB Ian Harris 0-0: Ball
1-0: Ground out 6-3 (Groundball, 6, EV 101.3 MPH)
Batting: RHB Dave Sanderson 0-0: Ball
1-0: Foul Ball, location: 2F
1-1: Ball
2-1: Foul Ball, location: 3SF
2-2: Foul Ball, location: 2F
2-2: Foul Ball, location: 2F
2-2: DOUBLE (Line Drive, 78D, EV 105.0 MPH)
Batting: RHB Jonathan Aguilar 0-0: Ball
1-0: Called Strike
1-1: Called Strike
1-2: Strikes out swinging
Top of the 3rd over - 0 runs, 1 hit, 0 errors, 1 left on base; Frederick 1 - Greenville 2
BOTTOM OF THE 3RD
Greenville Drive batting - Pitching for Frederick Keys : RHP Juan Vázquez
Batting: RHB Donnie Perry 0-0: Called Strike
0-1: Ball
1-1: Ball
2-1: Foul Ball, location: 2F
2-2: Foul Ball, location: 2F
2-2: Foul Ball, location: 2F
2-2: Ball
3-2: Base on Balls
Batting: LHB Bobby Dotson 0-0: Ball
1-0: Ball
2-0: Ball
3-0: Base on Balls
Donnie Perry to second
Batting: SHB Zach Simpson 0-0: Called Strike
0-1: Fielders Choice at 2nd, 3-6 (Groundball, 34, EV 87.5 MPH)
Donnie Perry to third
Batting: LHB Manny Lara 0-0: Ball
1-0: Swinging Strike
1-1: Foul Ball, location: 7LMF
1-2: Ball
2-2: Ball
3-2: Strikes out looking
Batting: RHB Esteve Breyner 0-0: Called Strike
0-1: DOUBLE (Flyball, 9LD, EV 105.6 MPH)
Donnie Perry scores
Zach Simpson to third
Runner from 3rd tries for Home, SAFE, throw by RF to trailing runner, SAFE at third!
Batting: SHB Sean O'Herlihy 0-0: Swinging Strike
0-1: Ball
1-1: Foul Ball, location: 5F
1-2: Strikes out looking
Bottom of the 3rd over - 2 runs, 1 hit, 0 errors, 1 left on base; Frederick 1 - Greenville 4
TOP OF THE 4TH
Frederick Keys batting - Pitching for Greenville Drive : RHP Don Montgomery
Batting: LHB Kevin Parker 0-0: Foul Ball, location: 3SF
0-1: Called Strike
0-2: Strikes out swinging
Batting: RHB Tommy Riddle 0-0: Called Strike
0-1: Ball
1-1: SINGLE (Line Drive, 9S, EV 100.0 MPH)
Batting: LHB A.R. Higgins 0-0: Ball
1-0: Ball
2-0: Foul Ball, location: 9LMF
2-1: Foul Ball, location: 7LMF
2-2: Ball
3-2: Base on Balls
Tommy Riddle to second
Batting: RHB Dave Hayes 0-0: Ball
1-0: Grounds into double play, 6-4-3 (Groundball, 6, EV 86.3 MPH)
Top of the 4th over - 0 runs, 1 hit, 0 errors, 1 left on base; Frederick 1 - Greenville 4
BOTTOM OF THE 4TH
Greenville Drive batting - Pitching for Frederick Keys : RHP Juan Vázquez
Batting: RHB Monty Herring 0-0: Ball
1-0: Ball
2-0: Foul Ball, location: 25F
2-1: DOUBLE (Line Drive, 3D, EV 102.5 MPH)
Batting: RHB Jeff Payne 0-0: Called Strike
0-1: Ball
1-1: Swinging Strike
1-2: Strikes out swinging
Batting: RHB Juan Ríos 0-0: Ball
1-0: Ball
2-0: Swinging Strike
2-1: Called Strike
2-2: Foul Ball, location: 2F
2-2: Strikes out swinging
Batting: RHB Donnie Perry 0-0: Ball
Monty Herring steals 3rd base
1-0: Ball
2-0: SINGLE (Groundball, 56S, EV 64.4 MPH) (infield hit)
Monty Herring scores
Pitching: RHP Jim Thompson
Batting: LHB Bobby Dotson 0-0: Ball
1-0: SINGLE (Line Drive, 6D, EV 94.4 MPH)
Donnie Perry to second
Runner from 2nd tries for 3rd, SAFE, throw by CF made to third
Batting: SHB Zach Simpson 0-0: Ball
1-0: Foul Ball, location: 2F
1-1: Ball
2-1: Ball
3-1: Foul Ball, location: 2F
3-2: Foul Ball, location: 5SF
3-2: Base on Balls
Bobby Dotson to second
Batting: LHB Manny Lara 0-0: Ball
1-0: Fly out, F7 (Flyball, 78M, EV 78.1 MPH)
Bottom of the 4th over - 1 run, 3 hits, 0 errors, 3 left on base; Frederick 1 - Greenville 5
TOP OF THE 5TH
Frederick Keys batting - Pitching for Greenville Drive : RHP Don Montgomery
Batting: SHB Greg Foster 0-0: Ball
1-0: Ball
2-0: Ball
3-0: Base on Balls
Batting: RHB Luis Medellín 0-0: Ball
1-0: Called Strike
1-1: Ball
2-1: Foul Ball, location: 2F
2-2: Strikes out swinging
Batting: RHB Ian Harris 0-0: Ball
1-0: Ball
2-0: Called Strike
2-1: Fly out, F9 (Flyball, 9LSF, EV 85.6 MPH)
Batting: RHB Dave Sanderson 0-0: Called Strike
0-1: Ball
1-1: Ball
2-1: Ball
3-1: Called Strike
3-2: Foul Ball, location: 9LMF
3-2: Base on Balls
Greg Foster to second
Pitching: LHP Zach Buckner
Batting: RHB Jonathan Aguilar 0-0: Called Strike
0-1: Foul Ball, location: 7LMFF
0-2: Ball
1-2: Foul Ball, location: 2F
1-2: Ball
2-2: Strikes out looking
Top of the 5th over - 0 runs, 0 hits, 0 errors, 2 left on base; Frederick 1 - Greenville 5
BOTTOM OF THE 5TH
Greenville Drive batting - Pitching for Frederick Keys : RHP Jim Thompson
Batting: RHB Esteve Breyner 0-0: Ball
1-0: Ball
2-0: Ball
3-0: Called Strike
3-1: Called Strike
3-2: Base on Balls
Batting: SHB Sean O'Herlihy 0-0: Ball
1-0: Ball
2-0: Called Strike
2-1: Ball
3-1: Called Strike
3-2: Strikes out swinging
Batting: RHB Monty Herring 0-0: Hit by Pitch
Esteve Breyner to second
Batting: RHB Jeff Payne 0-0: Swinging Strike
0-1: Swinging Strike
0-2: Strikes out looking
Pitching: RHP Jon Wilkerson
Batting: RHB Juan Ríos 0-0: Ball
1-0: Foul Ball, location: 2F
1-1: Ball
2-1: Ball
3-1: SINGLE (Line Drive, 4D, EV 96.3 MPH)
Esteve Breyner to third
Monty Herring to second
Runner from 3rd tries for Home, throw by CF and OUT! 8-2
Bottom of the 5th over - 0 runs, 1 hit, 0 errors, 2 left on base; Frederick 1 - Greenville 5
TOP OF THE 6TH
Frederick Keys batting - Pitching for Greenville Drive : LHP Zach Buckner
Batting: LHB Kevin Parker 0-0: Ball
1-0: Ball
2-0: Ball
3-0: Called Strike
3-1: Base on Balls
Batting: RHB Tommy Riddle 0-0: Ball
1-0: Ball
2-0: Called Strike
2-1: Foul Ball, location: 25FF
2-2: Strikes out swinging
Batting: LHB A.R. Higgins 0-0: Ball
1-0: Ball
2-0: Ball
3-0: Base on Balls
Kevin Parker to second
Batting: RHB Dave Hayes 0-0: Ball
1-0: Reached via error on a dropped throw from 3B, E4 (Groundball, 56, EV 80.0 MPH)
Kevin Parker to third
A.R. Higgins to second
Batting: SHB Greg Foster 0-0: Swinging Strike
0-1: Foul Ball, location: 23F
0-2: Strikes out swinging
Batting: RHB Luis Medellín 0-0: Ball
1-0: Foul Ball, location: 5F
1-1: Called Strike
1-2: Fly out, F9 (Flyball, 89S, EV 92.5 MPH)
Top of the 6th over - 0 runs, 0 hits, 1 error, 3 left on base; Frederick 1 - Greenville 5
BOTTOM OF THE 6TH
Greenville Drive batting - Pitching for Frederick Keys : RHP Jon Wilkerson
Batting: RHB Donnie Perry 0-0: Ball
1-0: Foul Ball, location: 2F
1-1: Swinging Strike
1-2: Ball
2-2: Ball
3-2: Foul Ball, location: 9LMF
3-2: Base on Balls
Batting: LHB Bobby Dotson 0-0: Ball
1-0: Ball
2-0: Called Strike
2-1: Ball
Donnie Perry steals 2nd base
3-1: Base on Balls
Batting: SHB Zach Simpson 0-0: Ball
1-0: Foul Ball, location: 2F
1-1: Ball
2-1: Foul Ball, location: 7LMF
2-2: Ball
3-2: Foul Ball, location: 3F
3-2: Fly out, F8 (Line Drive, 8LD, EV 90.0 MPH)
Runner from 2nd tags up, SAFE at 3rd with throw by CF
Batting: LHB Manny Lara 0-0: Ball
Bobby Dotson is caught stealing 2nd base 2-6
1-0: Ball
2-0: Ball
3-0: Called Strike
3-1: TRIPLE (Flyball, 7LD, EV 109.4 MPH)
Donnie Perry scores
Batting: RHB Esteve Breyner 0-0: SINGLE (Flyball, 89S, EV 97.5 MPH)
Manny Lara scores
Batting: SHB Sean O'Herlihy 0-0: Foul Ball, location: 7LMF
0-1: Swinging Strike
0-2: Ball
Wild Pitch!
Esteve Breyner to second
1-2: Ground out 6-3 (Groundball, 6S, EV 89.4 MPH)
Bottom of the 6th over - 2 runs, 2 hits, 0 errors, 1 left on base; Frederick 1 - Greenville 7
TOP OF THE 7TH
Frederick Keys batting - Pitching for Greenville Drive : LHP Zach Buckner
Batting: RHB Ian Harris 0-0: Called Strike
0-1: Called Strike
0-2: Ball
1-2: Ball
2-2: Fly out, F5 (Popup, 56S, EV 82.5 MPH)
Batting: RHB Dave Sanderson 0-0: Fly out, F2 (Popup, 2RF, EV 95.0 MPH)
Batting: RHB Jonathan Aguilar 0-0: Ball
1-0: Called Strike
1-1: Swinging Strike
1-2: Ball
2-2: SOLO HOME RUN (Flyball, 78XD, EV 112.5 MPH), Distance : 421 ft
Batting: LHB Kevin Parker 0-0: Foul Ball, location: 2F
0-1: Ball
1-1: Swinging Strike
1-2: Strikes out swinging
Top of the 7th over - 1 run, 1 hit, 0 errors, 0 left on base; Frederick 2 - Greenville 7
BOTTOM OF THE 7TH
Greenville Drive batting - Pitching for Frederick Keys : RHP Jon Wilkerson
Batting: RHB Monty Herring 0-0: Ball
1-0: Foul Ball, location: 9LDF
1-1: Foul Ball, location: 5FF
1-2: Ground out 5-3 (Groundball, 56, EV 102.5 MPH)
Batting: RHB Jeff Payne 0-0: Ball
1-0: Ball
2-0: Ball
3-0: Base on Balls
Batting: RHB Juan Ríos 0-0: Ball
1-0: Foul Ball, location: 9LMF
1-1: Fly out, F8 (Flyball, 8LD, EV 78.1 MPH)
Batting: RHB Donnie Perry 0-0: Foul Ball, location: 2LF
0-1: Called Strike
0-2: Foul Ball, location: 3F
0-2: Strikes out swinging
Bottom of the 7th over - 0 runs, 0 hits, 0 errors, 1 left on base; Frederick 2 - Greenville 7
TOP OF THE 8TH
Frederick Keys batting - Pitching for Greenville Drive : LHP Zach Buckner
Batting: RHB Tommy Riddle 0-0: SINGLE (Line Drive, 89S, EV 90.0 MPH)
Pinch Hitting: RHB Andy Johnson 0-0: Ball
1-0: Ball
2-0: Ball
3-0: Called Strike
3-1: Base on Balls
Tommy Riddle to second
Batting: RHB Dave Hayes 0-0: Swinging Strike
0-1: Fly out, F9 (Flyball, 89M, EV 93.1 MPH)
Batting: SHB Greg Foster 0-0: Ground out 6-3 (Groundball, P, EV 85.6 MPH)
Tommy Riddle to third
Andy Johnson to second
Batting: RHB Luis Medellín 0-0: Ball
1-0: Swinging Strike
1-1: Ball
2-1: Ball
3-1: Base on Balls
Batting: RHB Ian Harris 0-0: Ball
1-0: Called Strike
1-1: Ball
2-1: Foul Ball, location: 2F
2-2: Fly out, F9 (Flyball, 9, EV 77.5 MPH)
Top of the 8th over - 0 runs, 1 hit, 0 errors, 3 left on base; Frederick 2 - Greenville 7
BOTTOM OF THE 8TH
Greenville Drive batting - Pitching for Frederick Keys : RHP Jon Wilkerson
Now at SS: Raúl Lugo
Batting: LHB Bobby Dotson 0-0: Ball
1-0: Foul Ball, location: 25F
1-1: Swinging Strike
1-2: Ball
2-2: Foul Ball, location: 2F
2-2: Foul Ball, location: 2F
2-2: Foul Ball, location: 3F
2-2: Ball
3-2: Base on Balls
Batting: SHB Zach Simpson 0-0: Called Strike
0-1: Foul Ball, location: 3DF
0-2: Foul Ball, location: 5F
0-2: DOUBLE (Line Drive, 7LM, EV 103.1 MPH)
Bobby Dotson to third
Runner from 3rd tries for Home, SAFE, throw by LF to home
Pitching: RHP Lou Stone
Batting: LHB Manny Lara 0-0: Ball
1-0: Ball
2-0: Foul Ball, location: 5FF
2-1: Called Strike
2-2: Strikes out looking
Batting: RHB Esteve Breyner 0-0: Called Strike
0-1: Ball
1-1: Foul Ball, location: 7LSF
1-2: Foul Ball, location: 3F
1-2: Ground out 4-3 (Groundball, 4D, EV 109.4 MPH)
Zach Simpson to third
Batting: SHB Sean O'Herlihy 0-0: Swinging Strike
0-1: Swinging Strike
0-2: Ball
1-2: Ball
2-2: Ball
3-2: Base on Balls
Batting: RHB Monty Herring 0-0: Ball
1-0: Ball
2-0: Ball
3-0: Called Strike
3-1: Called Strike
3-2: Base on Balls
Sean O'Herlihy to second
Batting: RHB Jeff Payne 0-0: Swinging Strike
0-1: Foul Ball, location: 7LDF
0-2: Ball
1-2: Strikes out swinging passed ball, reaches first!
Zach Simpson scores
Sean O'Herlihy to third
Monty Herring to second
Pinch Hitting: RHB Ed Evans 0-0: Ball
1-0: Ball
2-0: Called Strike
2-1: Fly out, F8 (Flyball, 8RD, EV 95.6 MPH)
Bottom of the 8th over - 2 runs, 1 hit, 0 errors, 3 left on base; Frederick 2 - Greenville 9
TOP OF THE 9TH
Frederick Keys batting - Pitching for Greenville Drive : LHP Zach Buckner
Now at 2B: Ed Evans
Pinch Hitting: RHB Skip Callahan 0-0: Foul Ball, location: 9LSF
0-1: Ground out 5-3 (Groundball, 56S, EV 86.3 MPH)
Batting: RHB Jonathan Aguilar 0-0: Swinging Strike
0-1: Called Strike
0-2: Strikes out swinging
Pinch Hitting: RHB Mike Bean 0-0: Fly out, F6 (Popup, 56, EV 74.4 MPH)
Top of the 9th over - 0 runs, 0 hits, 0 errors, 0 left on base; Frederick 2 - Greenville 9
Monday, April 1st , 2024 - OOTP Baseball 24.10 Build 82